 Dungeon Crawl Stone Soup version 0.26.0-5-gb5863c6483 (webtiles) character file.

Game seed: 2256098595314766269

242840 Froggeryz the Bludgeoner (level 19, 0/124 HPs)
             Began as a Gargoyle Wanderer on Jan 10, 2021.
             Was the Champion of Okawaru.
             Slain by a vault warden
             ... wielding a +2 long sword of freezing
              (1 damage)
             ... on level 1 of the Vaults.
             The game lasted 01:00:17 (43340 turns).

Froggeryz the Bludgeoner (Gargoyle Wanderer)       Turns: 43340, Time: 01:00:18

Health: 0/124      AC: 53    Str: 23    XL:     19   Next: 40%
Magic:  0/38       EV:  8    Int: 12    God:    Okawaru [******]
Gold:   4459       SH: 14    Dex: 13    Spells: 23/28 levels left

rFire    + . .     SeeInvis +   w - +9 eveningstar (protect)
rCold    + + +     Faith    .   p - +0 kite shield
rNeg     + . .     Spirit   +   t - +7 chain mail "Dasaam" {Will+ rCorr Dex+2 SInv}
rPois    ∞         Reflect  .   A - +1 helmet
rElec    +         Harm     .   j - +2 cloak {rPois}
rCorr    +         Rampage  +   N - +1 pair of gloves
Will     ++...                  B - +2 pair of boots {rampage}
Stlth    ..........             s - amulet of Joy {Spirit rC+ Dex+2}
HPRegen  0.30/turn              y - ring of protection from fire
MPRegen  0.26/turn              u - ring "Qocuf" {*Drain rElec rPois rC+++ MP+9}

@: protection aura, flying
A: big wings, dopey 1, negative energy resistance 1, electricity resistance,
unbreathing, petrification resistance, miasma immunity, AC +14
}: 2/15 runes: barnacled, gossamer
a: Stop Flying, Renounce Religion, Heroism, Finesse


You were on level 1 of the Vaults.
You worshipped Okawaru.
Okawaru was exalted by your worship.
You visited 7 branches of the dungeon, and saw 33 of its levels.
You visited the Abyss 1 time.
You also visited: Bailey and Ice Cave.

You collected 5951 gold pieces.
You spent 1492 gold pieces at shops.

Inventory:

Hand Weapons
 w - a +9 eveningstar of protection (weapon)
Missiles
 e - 17 curare-tipped darts (quivered)
 m - 31 javelins
 V - 61 silver javelins
Armour
 j - a +2 cloak of poison resistance (worn)
 p - a +0 kite shield (worn)
 t - the +7 chain mail "Dasaam" (worn) {Will+ rCorr Dex+2 SInv}
   (Okawaru gifted it to you on level 14 of the Dungeon)

   It affects your dexterity (+2).
   It affects your willpower, your defense against some magical effects.
   It lets you see invisible.
   It provides partial protection from all sources of acid and corrosion.
 A - a +1 helmet (worn)
 B - a +2 pair of boots of rampaging (worn)
 N - a +1 pair of gloves (worn)
Jewellery
 h - an uncursed ring of positive energy
 i - an uncursed amulet of regeneration
 s - the amulet of Joy (around neck) {Spirit rC+ Dex+2}
   (You found it on level 4 of the Dungeon)

   [amulet of guardian spirit]

   It causes incoming damage to be split between your health and magic.
   It affects your dexterity (+2).
   It protects you from cold.
 u - the ring "Qocuf" (right hand) {*Drain rElec rPois rC+++ MP+9}
   (You found it on level 5 of the Dungeon)

   [ring of magical power]

   It renders you almost immune to cold.
   It insulates you from electricity.
   It protects you from poison.
   It affects your magic capacity (+9).
   It causes draining when unequipped.
 y - a ring of protection from fire (left hand)
 W - an uncursed ring of resist corrosion
Wands
 a - a wand of acid (26)
 b - a wand of paralysis (10)
 n - a wand of digging (18)
 H - a wand of random effects (15)
 O - a wand of flame (82)
Scrolls
 c - a scroll of blinking
 d - 16 scrolls of teleportation
 f - 3 scrolls of noise
 g - a scroll of silence
 l - 9 scrolls of enchant armour
 v - 3 scrolls of fear
 x - a scroll of immolation
 C - 8 scrolls of magic mapping
 D - 2 scrolls of brand weapon
 F - 10 scrolls of remove curse
 G - 3 scrolls of identify
 I - 4 scrolls of summoning
 L - 6 scrolls of enchant weapon
 R - 4 scrolls of fog
Potions
 k - 6 potions of might
 o - 16 potions of curing
 r - 8 potions of heal wounds
 E - 11 potions of ambrosia
 J - 2 potions of resistance
 K - 5 potions of berserk rage
 P - 6 potions of mutation
 S - 3 potions of haste
Miscellaneous
 Q - a condenser vane


   Skills:
 - Level 15.2 Fighting
 - Level 17.6 Maces & Flails
 - Level 2.0 Bows
 - Level 1.0 Crossbows
 - Level 13.4 Armour
 - Level 1.1 Stealth
 - Level 16.0 Shields
 - Level 5.0 Spellcasting
 + Level 10.2 Translocations
 - Level 13.6 Invocations


You had 23 spell levels left.
You knew the following spells:

 Your Spells              Type           Power        Failure   Level
a - Blink                 Tloc           N/A          2%          2
b - Lesser Beckoning      Tloc           13%          4%          3

Your spell library contained the following spells:

 Spells                   Type           Power        Failure   Level
 Apportation              Tloc           54%          1%          1
 Gell's Gravitas          Tloc           13%          4%          3
 Teleport Other           Tloc           27%          4%          3
 Passage of Golubria      Tloc           N/A          14%         4
 Portal Projectile        Hex/Tloc       30%          34%         3
 Animate Skeleton         Necr           6%           67%         1
 Beastly Appendage        Tmut           6%           67%         1
 Corona                   Hex            3%           67%         1
 Magic Dart               Conj           12%          67%         1
 Sandblast                Erth           6%           67%         1
 Shock                    Conj/Air       12%          67%         1
 Sting                    Tmut/Pois      12%          67%         1
 Summon Small Mammal      Summ           12%          67%         1
 Call Imp                 Summ           3%           82%         2
 Passwall                 Tmut/Erth      2%           82%         2
 Poisonous Vapours        Pois/Air       6%           82%         2
 Slow                     Hex            3%           82%         2
 Swiftness                Air            3%           82%         2
 Wereblood                Tmut           3%           82%         2
 Dispersal                Tloc           13%          91%         6
 Confusing Touch          Hex            3%           96%         3
 Conjure Flame            Conj/Fire      3%           96%         3
 Ignite Poison            Fire/Tmut/Pois 3%           96%         3
 Mephitic Cloud           Conj/Pois/Air  3%           96%         3
 Spider Form              Tmut/Pois      1%           96%         3
 Static Discharge         Conj/Air       3%           96%         3
 Stone Arrow              Conj/Erth      6%           96%         3
 Airstrike                Air            1%           100%        4
 Ice Form                 Ice/Tmut       3%           100%        4
 Olgreb's Toxic Radiance  Pois           3%           100%        4
 Petrify                  Tmut/Erth      3%           100%        4
 Blade Hands              Tmut           1%           100%        5
 Irradiate                Conj/Tmut      1%           100%        5
 Lee's Rapid Deconstruct  Erth           1%           100%        5
 Lightning Bolt           Conj/Air       1%           100%        5
 Metabolic Englaciation   Hex/Ice        1%           100%        5
 Yara's Violent Unravell  Hex/Tmut       1%           100%        5
 Hydra Form               Tmut           1%           100%        6
 Dragon Form              Tmut           1%           100%        7
 Disjunction              Tloc           13%          100%        8
 Shatter                  Erth           1%           100%        9
 Statue Form              Tmut/Erth      Unusable     N/A         6

Dungeon Overview and Level Annotations

Branches:
Dungeon (15/15)            Temple (1/1) D:6            Lair (6/6) D:9
 Shoals (4/4) Lair:2       Spider (4/4) Lair:3        Slime (0/5) Lair:5
    Orc (2/2) D:9             Elf (0/3) Orc:2        Vaults (1/5) D:13
 Depths (0/5) D:15         Bailey (visited)           IceCv (visited)

Altars:
Ashenzari
Cheibriados
Dithmenos
Elyvilon
Fedhas
Gozag
Hepliaklqana
Kikubaaqudgha
Makhleb
Nemelex Xobeh
Okawaru
Qazlal
Ru
Sif Muna
Trog
Uskayaw
Vehumet
Wu Jian
Xom
Yredelemnul
Zin
The Shining One
Beogh
Jiyva

Shops:
Orc:2 *(!(   Shoals:1 =

Annotations:
D:3 2 transporters, Tinylith's ghost, amateur DrCj
D:10 2 runed translucent doors
Shoals:3 2 transporters, exclusion: orange crystal statue
Orc:1 2 runed translucent doors, exclusion: orange crystal statue


Innate Abilities, Weirdness & Mutations

You are resistant to torment.
Your stone body is resilient. (AC +14)
You are immune to poison.
Your large and strong wings let you fly indefinitely.
You resist negative energy. (rN+)
You are resistant to electric shocks. (rElec)
You can survive without breathing.
You are immune to petrification.
You are immune to miasma.
You are dopey. (Int -2)


Message History

The vault warden hits you with a +2 long sword of freezing!
* * * LOW HITPOINT WARNING * * *
You bludgeon the vault guard!!
You kill the vault guard!
Okawaru accepts your kill.
You puncture the vault warden!
The vault warden is lightly wounded.
The vault warden hits you but does no damage.
You hit the vault warden.
The vault warden is lightly wounded.
You barely miss the vault warden.
The vault warden is lightly wounded.
The vault warden hits you with a +2 long sword of freezing!
* * * LOW HITPOINT WARNING * * *
You closely miss the vault warden.
The vault warden is lightly wounded.
The vault warden hits you with a +2 long sword of freezing!
* * * LOW HITPOINT WARNING * * *
The vault warden freezes you.
You die...

#."..........#.......#
#............#.......#
#............#.......#
#............#.......#
.............#.......#
.............#.......#
.............#.......#
######+##########
##@## #p))# #.....#
###+### ... ... .#.#.
..#.. ..# #..


You could see a vault warden.

Vanquished Creatures
  Rupert (D:14)
  A kraken (Shoals:2)
  Frances (D:14)
  Polyphemus (Shoals:3)
  Donald (Spider:1)
  Agnes (D:15)
  Roxanne (D:14)
  A vault warden (Vaults:1)
  5 ghost moths
  6 emperor scorpions
  Louise (D:14)
  A balrug (Abyss:2)
  An ironheart preserver (Vaults:1)
  Azrael (D:14)
  An entropy weaver (Spider:4)
  A spark wasp (Spider:2)
  4 merfolk javelineers
  9 merfolk impalers
  An ettin (D:15)
  3 ogre magi
  2 fire dragons
  A rakshasa (Abyss:2)
  An ice dragon (D:15)
  A great orb of eyes (Vaults:1)
  2 vault guards (Vaults:1)
  A boulder beetle (D:13)
  7 hydras
  3 alligator snapping turtles
  A merfolk aquamancer (Shoals:4)
  16 two-headed ogres
  4 merfolk avatars
  5 centaur warriors
  A catoblepas (Shoals:3)
  A death knight (D:14)
  2 dancing weapons (D:13)
  2 death yaks (Shoals:3)
  5 satyrs
  A tengu warrior (D:15)
  2 thrashing horrors (Abyss:2)
  8 orc high priests (Orc:2)
  Sonja (D:12)
  A deep elf knight (D:15)
  A skeletal warrior (D:14)
  A fire crab (Lair:6)
  A deep troll (D:15)
  A glowing orange brain (Vaults:1)
  3 sea snakes
  4 unseen horrors
  A kraken simulacrum (Shoals:4)
  A wizard (D:14)
  7 starcursed masses (Abyss:2)
  An ironbrand convoker (Vaults:1)
  A lindwurm (Lair:6)
  8 orc knights
  10 harpies
  3 ugly things
  19 orb spiders
  3 orc sorcerers (Orc:1)
  4 deep elf magi
  10 cyclopes
  24 wolf spiders
  8 manticores
  A worldbinder (Abyss:2)
  12 fauns
  32 elephants
  A torpor snail (Spider:1)
  A moth of wrath (Spider:4)
  A vault sentinel (Vaults:1)
  5 water nymphs
  2 ice statues (IceCv)
  3 merfolk sirens
  3 molten gargoyles (Lair:6)
  9 black mambas
  An apocalypse crab (Abyss:2)
  3 centaur zombies
  12 cane toads
  A gargoyle (D:10)
  A smoke demon (Abyss:2)
  2 kobold demonologists (D:13)
  16 komodo dragons
  6 rime drakes
  2 hellwings (Abyss:2)
  10 demonic crawlers
  An efreet (D:14)
  A yaktaur (D:15)
  15 trolls
  29 jumping spiders
  A queen bee (Lair:1)
  5 polar bears
  4 raiju (Abyss:2)
  6 wind drakes
  20 merfolk
  9 snapping turtles
  8 hornets
  21 dream sheep
  9 slime creatures
  4 blink frogs
  3 large abominations (Abyss:2)
  62 redbacks
  7 shadows
  2 wraiths
  7 spriggans (Lair:2)
  7 wyverns
  A centaur simulacrum (D:13)
  15 tarantellas
  A ynoxinul (Abyss:2)
  3 water elementals
  A vampire (D:12)
  54 yaks
  3 steam dragons
  4 fire elementals (D:14)
  Grum (Lair:1)
  7 basilisks
  7 vampire mosquitoes
  A chaos spawn (Abyss:2)
  4 wargs (Orc:2)
  An acid dragon (D:14)
  7 hell hounds
  Duvessa (D:7)
  17 water moccasins
  19 ice beasts
  9 sky beasts
  31 orc warriors
  An eye of draining (D:12)
  2 black bears
  16 ogres
  3 small abominations (Abyss:2)
  16 wolves
  15 centaurs
  4 big kobolds
  17 bullfrogs
  2 wyvern zombies
  A gnoll sergeant (D:7)
  Dowan (D:7)
  3 wyvern skeletons
  A scorpion (D:6)
  23 killer bees (Lair:1)
  22 wights
  14 electric eels
  A howler monkey (D:10)
  5 lava snakes (Lair:6)
  2 bullfrog zombies
  A quasit (Abyss:2)
  3 jellies
  38 orc priests
  A bullfrog skeleton (D:6)
  7 hounds
  29 orc wizards
  6 centaur skeletons
  4 iguanas
  Ijyb (D:5)
  2 hell rats (Lair:5)
  9 worker ants
  A hound zombie (D:8)
  2 howler monkey zombies
  13 adders
  10 gnolls
  10 river rats (Lair:5)
  6 shadow imps
  3 white imps
  2 ufetubi
  2 oozes (D:4)
  3 worms (D:2)
  2 dart slugs
  5 leopard geckos
  118 orcs
  10 bats
  4 giant cockroaches
  7 hobgoblins
  3 jackals (D:1)
  2 quokkas
  2 ball pythons
  8 frilled lizards
  7 goblins
  21 kobolds
  A quokka skeleton (D:5)
  7 rats
  5 tentacles
1257 creatures vanquished.

Vanquished Creatures (collateral kills)
  3 orcs (Bailey)
3 creatures vanquished.

Vanquished Creatures (others)
  A komodo dragon (D:14)
  4 blink frogs (Abyss:2)
  3 large abominations (Abyss:2)
  An orc warrior (D:14)
  An ogre (D:14)
  2 small abominations (Abyss:2)
  3 wights (D:14)
  A bullfrog skeleton (D:13)
  4 orcs
  32 fungi
  82 plants
  10 tentacles
144 creatures vanquished.

Grand Total: 1404 creatures vanquished

Notes
Turn   | Place    | Note
-------+----------+-------------------------------------------
     0 | D:1      | Froggeryz the Gargoyle Wanderer began the quest for the
                  | Orb.
     0 | D:1      | Froggeryz set off with the following items: a +2 shortbow,
                  | 24 arrows, a +0 ring mail, a scroll of teleportation
     0 | D:1      | Reached XP level 1. HP: 16/16 MP: 1/1
    48 | D:1      | Reached XP level 2. HP: 18/20 MP: 2/2
   652 | D:1      | Reached XP level 3. HP: 24/24 MP: 3/3
  1405 | D:2      | Reached XP level 4. HP: 30/30 MP: 4/4
  2458 | D:3      | Reached XP level 5. HP: 29/34 MP: 5/5
  2581 | D:3      | Reached skill level 5 in Armour
  2784 | D:3      | Found a transporter.
  2785 | D:3      | Noticed Tinylith's ghost (amateur DrCj)
  2823 | D:3      | Found a transporter.
  2845 | D:3      | Found a shimmering altar of Xom.
  2879 | D:3      | Reached skill level 1 in Maces & Flails
  3566 | D:4      | Reached skill level 2 in Maces & Flails
  3591 | D:4      | Reached XP level 6. HP: 38/39 MP: 6/6
  3601 | D:4      | Found an ornate altar of the Wu Jian Council.
  3727 | D:4      | Reached skill level 3 in Maces & Flails
  3759 | D:4      | Got a faintly glowing golden amulet
  3801 | D:4      | Identified the amulet of Joy {Spirit rC+ Dex+2} (You found
                  | it on level 4 of the Dungeon)
  3894 | D:4      | Found a radiant altar of Vehumet.
  3896 | D:4      | Identified Vehumet's Compendium of Attacks
  3899 | D:4      | Found an ancient bone altar of Kikubaaqudgha.
  3900 | D:4      | Found a shimmering blue altar of Sif Muna.
  3919 | D:4      | Found an opulent altar of Gozag.
  4262 | D:5      | Entered Level 5 of the Dungeon
  4586 | D:5      | Found a shadowy altar of Dithmenos.
  4631 | D:5      | Noticed Ijyb
  4648 | D:5      | Killed Ijyb
  4649 | D:5      | Reached skill level 4 in Maces & Flails
  4659 | D:5      | Reached XP level 7. HP: 40/44 MP: 7/7
  4769 | D:5      | Got a bound iron ring
  4771 | D:5      | Identified the ring "Qocuf" {*Drain rElec rPois rC+++ MP+9}
                  | (You found it on level 5 of the Dungeon)
  5149 | D:5      | Reached skill level 5 in Maces & Flails
  5605 | D:6      | Reached skill level 6 in Maces & Flails
  5605 | D:6      | Reached XP level 8. HP: 42/48 MP: 8/8
  6008 | D:6      | Reached skill level 7 in Maces & Flails
  6227 | D:6      | Found a white marble altar of Elyvilon.
  6273 | D:6      | Found a staircase to the Ecumenical Temple.
  6329 | Temple   | Entered the Ecumenical Temple
  6438 | Temple   | Became a worshipper of Warmaster Okawaru
  6560 | D:6      | Found a burning altar of Makhleb.
  6562 | D:6      | Found a sparkling altar of Nemelex Xobeh.
  6598 | D:6      | Found a sacrificial altar of Ru.
  6831 | D:6      | Reached skill level 5 in Shields
  6978 | D:7      | Reached skill level 8 in Maces & Flails
  7029 | D:7      | Noticed Duvessa
  7030 | D:7      | Noticed Dowan
  7047 | D:7      | Killed Duvessa
  7048 | D:7      | Reached XP level 9. HP: 43/52 MP: 9/9
  7054 | D:7      | Killed Dowan
  7572 | D:7      | Reached * piety under Okawaru
  7586 | D:7      | Reached skill level 9 in Maces & Flails
  8773 | D:8      | Found a stormy altar of Qazlal.
  8936 | D:8      | Found a snail-covered altar of Cheibriados.
  9187 | D:9      | Found a flagged portal.
  9206 | Bailey   | Entered a bailey
  9368 | Bailey   | Reached skill level 10 in Maces & Flails
  9692 | Bailey   | Noticed an orc knight
  9692 | Bailey   | Noticed an orc knight
  9791 | Bailey   | Noticed an orc knight
  9878 | Bailey   | Killed an orc knight
  9878 | Bailey   | Reached ** piety under Okawaru
  9879 | Bailey   | Reached XP level 10. HP: 29/58 MP: 3/10
  9985 | Bailey   | Killed an orc knight
  9986 | Bailey   | Reached skill level 11 in Maces & Flails
 10107 | Bailey   | Killed an orc knight
 10107 | Bailey   | Reached *** piety under Okawaru
 10130 | Bailey   | Noticed an orc knight
 10136 | Bailey   | Noticed an orc knight
 10151 | Bailey   | Killed an orc knight
 10151 | Bailey   | Received a gift from Okawaru
 10168 | Bailey   | Killed an orc knight
 10212 | Bailey   | Noticed an orc knight
 10258 | Bailey   | Killed an orc knight
 10258 | Bailey   | Reached **** piety under Okawaru
 10259 | Bailey   | Reached skill level 12 in Maces & Flails
 10795 | D:9      | Found a basalt altar of Yredelemnul.
 10837 | D:9      | Found a staircase to the Orcish Mines.
 10873 | D:9      | Found a staircase to the Lair.
 10926 | D:9      | Found a bloodstained altar of Trog.
 11295 | D:9      | Reached XP level 11. HP: 50/62 MP: 11/11
 11470 | Lair:1   | Entered Level 1 of the Lair of Beasts
 11511 | Lair:1   | Noticed Grum
 11518 | Lair:1   | Received a gift from Okawaru
 11522 | Lair:1   | Killed Grum
 11609 | Lair:1   | Reached skill level 13 in Maces & Flails
 11640 | Lair:1   | Reached skill level 10 in Shields
 11694 | Lair:1   | Reached ***** piety under Okawaru
 12524 | Lair:1   | Identified a scroll of acquirement
 12524 | Lair:1   | Acquired 1153 gold pieces
 12552 | Lair:2   | Noticed a manticore
 12836 | Lair:1   | Killed a manticore
 12836 | Lair:1   | Received a gift from Okawaru
 12837 | Lair:1   | Reached skill level 14 in Maces & Flails
 12839 | Lair:1   | Got a transparent ring mail {god gift}
 12840 | Lair:1   | Identified the +1 ring mail of Freedom {rPois rF+} (Okawaru
                  | gifted it to you on level 1 of the Lair of Beasts)
 12868 | Lair:2   | Found a staircase to the Shoals.
 12977 | Lair:2   | Found a stormy altar of Qazlal.
 13080 | Lair:2   | Reached XP level 12. HP: 67/67 MP: 12/12
 13646 | Lair:2   | Reached skill level 15 in Maces & Flails
 13885 | Lair:3   | Reached skill level 5 in Fighting
 14196 | Lair:2   | Received a gift from Okawaru
 14799 | Lair:3   | Noticed a seven-headed hydra
 14808 | Lair:3   | Killed a seven-headed hydra
 15025 | Lair:3   | Reached XP level 13. HP: 68/75 MP: 13/13
 15135 | Lair:3   | Reached skill level 16 in Maces & Flails
 15203 | Lair:3   | Found a hole to the Spider Nest.
 16215 | Lair:4   | Received a gift from Okawaru
 16793 | Lair:5   | Found a viscous altar of Jiyva.
 16793 | Lair:5   | Found a staircase to the Slime Pits.
 17588 | Lair:6   | Entered Level 6 of the Lair of Beasts
 17980 | Lair:6   | Reached ****** piety under Okawaru
 18130 | Lair:5   | Received a gift from Okawaru
 18142 | Lair:5   | Got an encrusted demon whip {god gift}
 18143 | Lair:5   | Identified the +5 demon whip "Wiluquz" {freeze, Int+4}
                  | (Okawaru gifted it to you on level 5 of the Lair of Beasts)
 18424 | Lair:6   | Gained mutation: Your large and strong wings let you fly
                  | indefinitely. [Gargoyle growth]
 18424 | Lair:6   | Reached XP level 14. HP: 86/86 MP: 14/14
 18486 | Lair:6   | Reached skill level 10 in Fighting
 19035 | Lair:6   | Received a gift from Okawaru
 19496 | Lair:6   | Reached skill level 15 in Shields
 20058 | Lair:6   | Found a large runed translucent door.
 20059 | Lair:6   | Found a large runed translucent door.
 20707 | Orc:1    | Entered Level 1 of the Orcish Mines
 20707 | Orc:1    | Found a runed translucent door.
 21214 | Orc:1    | Found a runed translucent door.
 21245 | Orc:1    | Found the +10 tower shield of Ignorance {rN+ Int-4}
 21842 | Orc:2    | Entered Level 2 of the Orcish Mines
 21924 | Orc:2    | Reached skill level 1 in Invocations
 22028 | Orc:2    | Found a staircase to the Elven Halls.
 22760 | Orc:2    | Reached XP level 15. HP: 95/95 MP: 16/16
 22778 | Orc:2    | Found Sigg's Magic Scroll Shop.
 22782 | Orc:2    | Bought a scroll of blinking for 112 gold pieces
 22782 | Orc:2    | Bought a scroll of fog for 30 gold pieces
 22782 | Orc:2    | Bought a scroll of identify for 30 gold pieces
 22782 | Orc:2    | Bought a scroll of remove curse for 45 gold pieces
 22782 | Orc:2    | Bought a scroll of identify for 30 gold pieces
 22782 | Orc:2    | Bought a scroll of identify for 30 gold pieces
 22782 | Orc:2    | Bought a scroll of remove curse for 45 gold pieces
 22782 | Orc:2    | Bought a scroll of identify for 30 gold pieces
 22890 | Orc:2    | Found Zimacs's Antique Weapon Shoppe.
 22890 | Orc:2    | Found Pyilonn's General Store.
 22944 | Orc:2    | Bought a scroll of acquirement for 520 gold pieces
 22952 | Orc:2    | Bought a potion of berserk rage for 50 gold pieces
 22952 | Orc:2    | Acquired 1249 gold pieces
 23261 | Orc:2    | Found Gucij's Antique Weapon Shoppe.
 23261 | Orc:2    | Found Ciblugots's Distillery.
 23275 | Orc:2    | Bought a potion of ambrosia for 120 gold pieces
 23275 | Orc:2    | Bought a potion of berserk rage for 75 gold pieces
 23275 | Orc:2    | Bought a potion of heal wounds for 75 gold pieces
 23275 | Orc:2    | Bought a potion of brilliance for 60 gold pieces
 23275 | Orc:2    | Bought 2 potions of mutation for 240 gold pieces
 23770 | Orc:2    | Found a roughly hewn altar of Beogh.
 23878 | D:10     | Entered Level 10 of the Dungeon
 24066 | D:10     | Received a gift from Okawaru
 24174 | D:10     | Found a portal to a secret trove of treasure.
 24201 | D:10     | Found a large runed translucent door.
 24202 | D:10     | Found a large runed translucent door.
 24317 | D:10     | Found a large runed translucent door.
 24317 | D:10     | Found a large runed translucent door.
 24556 | D:10     | Found the +9 staff of Olgreb {rPois∞}
 25502 | D:11     | Got a clouded brass amulet
 25503 | D:11     | Identified the amulet of Deutzono {Acrobat rC+ MP+9 Str+5}
                  | (You found it on level 11 of the Dungeon)
 25756 | D:11     | Received a gift from Okawaru
 26122 | D:12     | Reached skill level 5 in Invocations
 26474 | D:12     | Noticed Sonja
 26483 | D:12     | Killed Sonja
 26484 | D:12     | Reached skill level 10 in Armour
 27202 | D:13     | Found a frozen archway.
 27247 | IceCv    | Entered an ice cave
 27295 | IceCv    | Found a transporter.
 27309 | IceCv    | Found a transporter.
 28097 | D:13     | Got a steaming scale mail
 28098 | D:13     | Identified the cursed +0 scale mail of Enatija {rN+ Int-3
                  | Dex+2 SInv} (You found it on level 13 of the Dungeon)
 28119 | D:13     | Got a scorched scale mail
 28120 | D:13     | Identified the +2 scale mail of Neez {-Tele Rampage Int+7
                  | Dex+4} (You found it on level 13 of the Dungeon)
 28359 | D:13     | Reached XP level 16. HP: 95/103 MP: 20/20
 28430 | D:13     | Found a gate to the Vaults.
 28578 | D:14     | Identified Roxanne's Grimoire of Earth
 28578 | D:14     | Noticed Roxanne
 28595 | D:14     | Received a gift from Okawaru
 28603 | D:14     | Got a distressingly furry chain mail {god gift}
 28758 | D:14     | Noticed Frances
 28765 | D:14     | Gained mutation: You are dopey. (Int -2) [a neqoxec]
 28771 | D:14     | Killed Frances
 28786 | D:14     | Noticed Rupert
 28815 | D:14     | Killed Rupert
 28837 | D:14     | Noticed Azrael
 28837 | D:14     | Paralysed by an ogre mage for 3 turns
 28844 | D:14     | Noticed Louise
 29094 | D:14     | Identified the +7 chain mail "Dasaam" {Will+ rCorr Dex+2
                  | SInv} (Okawaru gifted it to you on level 14 of the Dungeon)
 29248 | D:14     | Killed Azrael
 29530 | D:14     | Cast into level 2 of the Abyss (Louise)
 30045 | Abyss:2  | Noticed a tentacled starspawn
 30053 | D:14     | Escaped the Abyss
 30072 | D:14     | Killed Louise
 30379 | D:14     | Received a gift from Okawaru
 30822 | D:14     | Killed Roxanne
 30985 | D:15     | Entered Level 15 of the Dungeon
 31470 | D:15     | Received a gift from Okawaru
 31473 | D:15     | Got a dazzling plate armour {god gift}
 31535 | D:15     | Noticed Agnes
 31546 | D:15     | Killed Agnes
 31547 | D:15     | Reached XP level 17. HP: 76/110 MP: 23/24
 31916 | D:15     | Found a staircase to the Depths.
 31927 | D:15     | Reached skill level 10 in Invocations
 32514 | Spider:1 | Entered Level 1 of the Spider Nest
 32534 | Spider:1 | Noticed Donald
 32555 | Spider:1 | Killed Donald
 32865 | Spider:1 | Reached skill level 17 in Maces & Flails
 33908 | Spider:2 | Received a gift from Okawaru
 33987 | Spider:2 | Identified the +6 plate armour of the Lair of Beasts
                  | {*Contam rElec Str+4 Dex+4} (Okawaru gifted it to you on
                  | level 15 of the Dungeon)
 35338 | Spider:4 | Entered Level 4 of the Spider Nest
 35966 | Spider:4 | Reached XP level 18. HP: 118/118 MP: 27/27
 36096 | Spider:4 | Reached skill level 15 in Fighting
 36327 | Spider:4 | Received a gift from Okawaru
 36775 | Spider:4 | Got a gossamer rune of Zot
 36874 | Spider:4 | Reached skill level 1 in Spellcasting
 37291 | Shoals:1 | Entered Level 1 of the Shoals
 37423 | Shoals:1 | Learned a level 2 spell: Blink
 38134 | Shoals:1 | Found Fyodam's Jewellery Boutique.
 38342 | Shoals:2 | Reached skill level 5 in Spellcasting
 38424 | Shoals:2 | Received a gift from Okawaru
 38427 | Shoals:2 | Reached skill level 1 in Translocations
 38662 | Shoals:2 | Learned a level 3 spell: Lesser Beckoning
 39885 | Shoals:3 | Found a transporter.
 39885 | Shoals:3 | Found a transporter.
 39892 | Shoals:3 | Reached skill level 5 in Translocations
 39925 | Shoals:3 | Noticed Polyphemus
 39941 | Shoals:3 | Killed Polyphemus
 40469 | Shoals:4 | Entered Level 4 of the Shoals
 40480 | Shoals:4 | Received a gift from Okawaru
 41193 | Shoals:4 | Reached XP level 19. HP: 107/124 MP: 29/29
 41535 | Shoals:4 | Got a barnacled rune of Zot
 41576 | Shoals:4 | Identified Otuenuvu's Catalogue of Twisted Transformation
 42525 | Shoals:4 | Identified Dispater's Incunabulum of Earth
 42987 | Vaults:1 | Entered Level 1 of the Vaults
 43292 | Vaults:1 | Paralysed by a great orb of eyes for 2 turns
 43306 | Vaults:1 | Reached skill level 10 in Translocations
 43319 | Vaults:1 | Received a gift from Okawaru
 43334 | Vaults:1 | HP: 6/124 [vault warden/+2 long sword of freezing (3)]
 43340 | Vaults:1 | HP: 1/124 [vault warden/+2 long sword of freezing (13)]
 43340 | Vaults:1 | Slain by a vault warden

Illustrated notes

Levels and vault maps discovered:
D:1:      elethiomel_arrival_infinity_welcomes_careful_drivers, layout_basic
D:2:      minmay_evil_eye, layout_basic, serial_curves, eino_curves_02,
          eino_curves_02, serial_bayou_pond_b, kennysheep_generic_room_14
D:3:      layout_loops_corners, gammafunk_ghost_stat_death,
          lemuel_altar_in_water
D:4:      layout_basic, grunt_temple_overflow_magic_moments,
          nicolae_gozag_seed_capital, old_standard_altar
D:5:      layout_basic, nicolae_dithmenos_through_a_glass_darkly, uniq_ijyb
D:6:      layout_cave_pools, lemuel_doored_altar, minitemple,
          old_standard_altar, minmay_temple_entry_statues_pillars
D:7:      layout_basic, amethyst_killhole, minmay_liquid_box, uniq_duvessa
D:8:      layout_loops_ring, marbit_many_paths, kennysheep_little_box,
          kennysheep_boxes
D:9:      layout_basic, yredelemnul_altar_generic, kennysheep_mini,
          lair_entry_dummy, orc_0_dummy, enter_bailey_2
D:10:     layout_basic, enter_trove_0, minmay_hollow_rounded_squares
D:11:     layout_long_grid, grunt_ministairs_9
D:12:     layout_roguey, uniq_sonja
D:13:     layout_stronghold, erik_vaults_1, portal_ice_cave_entry_ice_beasts,
          hangedman_weighted_door, minmay_misc_feat_tower
D:14:     minmay_chambers_of_sevens, layout_loops_ring,
          minmay_misc_feat_hallway, uniq_frances, uniq_louise, uniq_roxanne,
          uniq_azrael, uniq_rupert
D:15:     hangedman_depths_entry_civil_slaughter, layout_gridville,
          minmay_fountain_box, uniq_agnes
Temple:   nicolae_temple_figure_zero
Lair:1:   layout_roguey [special_room_bee], uniq_grum
Lair:2:   kb_forest_paths, layout_loops_ring, minmay_shoals_entry_beasts,
          basic_altar, beast_lair_carwin_3
Lair:3:   layout_gridlike, spider_nest_entry_web_field, lemuel_fruit_tree
Lair:4:   layout_cave_shapes
Lair:5:   layout_gridlike, slime_altar_1, kennysheep_rathole
Lair:6:   cheibrodos_lair_end_hotspot, layout_small_grid
Shoals:1: layout_shoals, abandoned_shop, nicolae_shoals_cliffside_cave,
          nicolae_shoals_c_island
Shoals:2: layout_shoals
Shoals:3: gammafunk_sealed_arena, layout_shoals, uniq_polyphemus
Shoals:4: shoals_end_grunt_ice, layout_shoals, abandoned_shop
Spider:1: layout_spider_delve, nicolae_spider_webs_and_nodes, uniq_donald
Spider:2: layout_spider_delve, guppyfry_spider_mini_1
Spider:3: layout_spider_delve, special_room, guppyfry_spider_mini_3
Spider:4: spider_rune_water
Orc:1:    minmay_goldmine, layout_caves, chequers_guarded_unrand_ignorance
Orc:2:    st_orc_town, layout_diamond_mine, serial_shops, shop
Vaults:1: vaults_room_large_hall, v_misc_28, vaults_mumra_chevron,
          nicolae_vaults_rhombus_6, vaults_room_semicircle, vaults_mumra_hex,
          st_squares, nicolae_vaults_circle_grid_b,
          nicolae_vaults_windows_and_doors_thing, nicolae_vaults_triangles,
          layout_vaults_big_room, uniq_asterion

Skill      XL: |  1  2  3  4  5  6  7  8  9 10 11 12 13 14 15 16 17 18 19 |
---------------+----------------------------------------------------------+-----
Armour         | 2 3 4 5 6 7 11 13 | 13.4
Maces & Flails | 2 4 6 8 10 12 14 15 16 17 | 17.6
Shields        | 3 5 7 9 11 12 13 16 | 16.0
Fighting       | 6 9 11 12 13 14 15 | 15.2
Invocations    | 2 6 9 12 13 | 13.6
Spellcasting   | 5 |  5.0
Translocations | 7 10 | 10.2
Bows           | |  2.0
Crossbows      | |  1.0
Stealth        | |  1.1

Action                   |  1- 3 |  4- 6 |  7- 9 | 10-12 | 13-15 | 16-18 | 19-21 || total
-------------------------+-------+-------+-------+-------+-------+-------+-------++-------
Melee: Unarmed           |       |   121 |       |       |       |       |       ||   121
       Morningstar       |       |   107 |       |   576 |   356 |       |       ||  1039
       Spear             |       |    23 |       |       |       |       |       ||    23
       Mace              |       |    41 |   362 |   138 |       |       |       ||   541
       Flail             |       |       |   212 |     9 |       |       |       ||   221
       Demon whip        |       |       |       |       |  1412 |   406 |       ||  1818
       Eveningstar       |       |       |       |       |       |  1567 |   286 ||  1853
 Fire: Shortbow          |    99 |    37 |       |       |       |       |       ||   136
Throw: Dart              |       |     5 |    18 |    29 |       |       |       ||    52
Invok: Finesse           |       |       |       |       |       |       |     1 ||     1
 Abil: Fly               |       |       |       |       |     1 |       |       ||     1
Evoke: Wand              |       |       |    10 |     4 |     8 |       |       ||    22
  Use: Scroll            |     1 |     6 |       |    14 |    17 |    17 |     1 ||    56
       Potion            |       |       |     1 |     2 |     1 |     3 |     1 ||     8
 Stab: Paralysed         |       |       |       |       |     1 |       |       ||     1
       Held in net/web   |       |       |       |       |       |     1 |       ||     1
Armor: Ring mail         |    17 |       |       |       |       |       |       ||    17
       Scale mail        |    14 |   157 |   454 |   398 |   459 |       |       ||  1482
       Plate armour      |       |       |       |       |   246 |    64 |       ||   310
       Chain mail        |       |       |       |       |       |  1354 |   146 ||  1500
Dodge: Dodged            |    27 |   147 |   324 |   228 |   363 |   485 |    60 ||  1634
Block: Kite shield       |       |       |   124 |   443 |   891 |  1367 |   163 ||  2988
